 Dungeon Crawl Stone Soup version 0.17-a0-1949-g1acca9a (webtiles) character file.

758 Kusio the Basher (level 7, -3/71 HPs)
             Began as an Ogre Gladiator on Oct 2, 2015.
             Killed from afar by SkyBlueFox's ghost (13 damage)
             ... with a flame tongue
             ... on level 5 of the Dungeon.
             The game lasted 00:12:52 (4081 turns).

Kusio the Basher (Ogre Gladiator)                   Turns: 4081, Time: 00:12:52

Health: -3/71      AC:  5    Str: 22      XL:     7   Next: 80%
Magic:  7/7        EV: 10    Int:  7      God:
Gold:   222        SH:  0    Dex: 10 (11) Spells: 0 memorised, 6 levels left

rFire  . . .     SeeInvis .     a - +1 flail
rCold  . . .     Clarity  +     b - +0 robe
rNeg   . . .     SustAt   .     (no shield)
rPois  .         Gourm    .     c - +0 hat
rElec  .         Spirit   .     o - +1 cloak
rCorr  .         Warding  .     (gloves unavailable)
rMut   .         Stasis   .     (boots unavailable)
MR     .....                    q - amulet of clarity
Stlth  +.........               (no ring)
                                (no ring)

@: very slightly contaminated, not resistant to hostile enchantments, very
unstealthy
A: unfitting armour, tough skin 1
a: no special abilities


You were on level 5 of the Dungeon.
You were very hungry.

You visited 1 branch of the dungeon, and saw 5 of its levels.

You collected 252 gold pieces.
You spent 30 gold pieces at shops.

Inventory:

Hand weapons
 a - a +1 flail (weapon)
Missiles
 i - 23 poisoned needles
 n - 3 tomahawks (quivered)
Armour
 b - a +0 robe (worn)
 c - a +0 hat (worn)
 o - a +1 cloak (worn)
Jewellery
 q - an amulet of clarity (around neck)
Magical devices
 m - a wand of fire (8)
Scrolls
 f - 3 scrolls of identify
 j - a scroll of enchant weapon
 l - a scroll of teleportation {unknown}
 x - 2 scrolls of fog
 y - a scroll of enchant armour
Potions
 d - a potion of curing {unknown}
 g - 2 potions of cure mutation {unknown}
 h - a potion of cancellation {unknown}
 s - a potion of ambrosia {unknown}
Books
 t - a book of Hinderance

   Spells                             Type                      Level
   a - Confusing Touch                Hexes                        2
   b - Confuse                        Hexes                        3
   c - Gell's Gravitas                Hexes/Translocation          3
   d - Petrify                        Transmutation/Earth          4
   e - Metabolic Englaciation         Hexes/Ice                    5
Comestibles
 e - 3 bread rations
 p - 2 slices of pizza
 r - 2 meat rations
 w - a beef jerky


   Skills:
 + Level 4.9 Fighting
 + Level 10.8 Maces & Flails
 - Level 2.1 Throwing
 - Level 2.6 Dodging


You had 6 spell levels left.
You didn't know any spells.

Dungeon Overview and Level Annotations

Branches:
Dungeon (5/15)
 Temple: D:4-7

Altars:
Elyvilon
Gozag
Nemelex Xobeh
Xom

Shops:
D:4 *

Annotations:
D:5 Eustachio; SkyBlueFox's ghost, experienced OpFE


Innate Abilities, Weirdness & Mutations

You are too large for most types of armour.
You have tough skin (AC +1).


Message History

You hit SkyBlueFox's ghost.
SkyBlueFox's ghost is lightly damaged.
Eustachio casts a spell.
Eustachio blinks!
SkyBlueFox's ghost casts a spell at you.
The flame tongue hits you!
You hit SkyBlueFox's ghost but do no damage.
SkyBlueFox's ghost is lightly damaged.
SkyBlueFox's ghost closely misses you.
You hit SkyBlueFox's ghost.
SkyBlueFox's ghost is moderately damaged.
SkyBlueFox's ghost casts a spell at you.
The flame tongue hits you!
* * * LOW HITPOINT WARNING * * *
You are too injured to fight recklessly!
You are too injured to fight recklessly!
The quokka twitches its whiskers.
SkyBlueFox's ghost stares at you and mumbles some strange words.
The flame tongue hits you!
You die...

#.# #.# #.####.#
#...##.# ###.##.#
#.##.# #....#
..########..###
#...........#
#..########@# #
#..# #.# # # #..#
#W# # #.#..# #r# #
#.#..########.# #
#....§W...r...#
######..##########
...W....#
.W......#


You could see SkyBlueFox's ghost and a quokka.

Vanquished Creatures
  A phantom (D:5)
  A crimson imp (D:5)
  A hound (D:4)
  4 orc priests
  A giant frog skeleton (D:4)
  6 orc wizards
  3 worker ants
  9 adders
  2 oozes
  An adder skeleton (D:4)
  A worm (D:4)
  25 orcs
  A ball python (D:4)
  7 bats
  3 giant cockroaches
  5 hobgoblins
  14 jackals
  4 quokkas
  A giant gecko (D:3)
  6 giant newts
  4 goblins
  6 kobolds
  9 rats
115 creatures vanquished.

Notes
Turn   | Place    | Note
--------------------------------------------------------------
     0 | D:1      | Kusio the Ogre Gladiator began the quest for the Orb.
     0 | D:1      | Reached XP level 1. HP: 22/22 MP: 1/1
    78 | D:1      | Reached XP level 2. HP: 14/29 MP: 2/2
   188 | D:1      | Reached skill level 5 in Maces & Flails
   265 | D:1      | Reached XP level 3. HP: 16/36 MP: 3/3
   412 | D:2      | Found a sparkling altar of Nemelex Xobeh.
   524 | D:2      | Reached skill level 6 in Maces & Flails
   672 | D:2      | Reached XP level 4. HP: 37/44 MP: 4/4
  1131 | D:3      | Reached skill level 7 in Maces & Flails
  1139 | D:2      | Reached XP level 5. HP: 11/50 MP: 5/5
  1652 | D:3      | Found an opulent altar of Gozag.
  1723 | D:3      | Reached skill level 8 in Maces & Flails
  1943 | D:3      | Found a shimmering altar of Xom.
  1967 | D:3      | Reached XP level 6. HP: 56/59 MP: 6/6
  2010 | D:3      | Reached skill level 9 in Maces & Flails
  2545 | D:4      | Found a white marble altar of Elyvilon.
  2626 | D:4      | Found Humekk's General Store.
  2642 | D:4      | Bought a potion of degeneration for 10 gold pieces
  2642 | D:4      | Bought a scroll of fog for 20 gold pieces
  2771 | D:4      | Reached skill level 10 in Maces & Flails
  2771 | D:4      | Reached XP level 7. HP: 49/66 MP: 7/7
  3825 | D:5      | Entered Level 5 of the Dungeon
  3965 | D:5      | Noticed Eustachio
  4043 | D:5      | Noticed SkyBlueFox's ghost (experienced OpFE)
  4081 | D:5      | Killed from afar by SkyBlueFox's ghost

Vault maps used:
D:1:      mainiacjoe_arrival_reflecting_pool
D:2:      lemuel_crystal_altar
D:3:      nicolae_gozag_seed_capital, nicolae_overflow_crystal_walls,
          first_bread
D:4:      elyvilon_altar_5, serial_shops, shop
D:5:      nrook_pool_corridor, uniq_eustachio, uniq_menkaure

Action                   |  1- 3 |  4- 6 |  7- 9 || total
-------------------------+-------+-------+-------++-------
Melee: Flail             |   100 |   209 |   140 ||   449
Throw: Throwing net      |     1 |     5 |     6 ||    12
       Tomahawk          |       |       |     2 ||     2
  Use: Scroll            |       |       |     6 ||     6
       Potion            |       |       |     2 ||     2
 Stab: Held in net/web   |       |     2 |       ||     2
       Sleeping          |       |     1 |       ||     1
  Eat: Chunk             |       |     6 |     4 ||    10
